 Dungeon Crawl Stone Soup version 0.23-a0-241-g3b46b07 (webtiles) character file.

22268 Amnesiac the Zephyrmancer (level 12, 0/89 HPs)
             Began as a Mummy Air Elementalist on Sept 27, 2018.
             Was an Elder of Dithmenos.
             Shot with an arrow by a centaur (3 damage)
             ... led by a centaur warrior
             ... on level 13 of the Dungeon.
             The game lasted 00:30:03 (18770 turns).

Amnesiac the Zephyrmancer (Mummy Air Elementalist) Turns: 18770, Time: 00:30:04

Health: 0/89       AC:  7    Str: 11    XL:     12   Next: 61%
Magic:  2/25       EV: 18    Int: 20    God:    Dithmenos [****..]
Gold:   684        SH:  5    Dex: 15    Spells: 17/29 levels left

rFire    . . .     SeeInvis .   a - +2 scimitar (flame)
rCold    + . .     Gourm    .   x - +0 buckler {rPois}
rNeg     + + +     Faith    .   z - +2 robe {rF+}
rPois    ∞         Spirit   .   (no helmet)
rElec    .         Reflect  .   j - +0 cloak
rCorr    .         Harm     .   n - +0 pair of gloves
MR       +....                  A - +0 pair of boots
Stlth    ++++......             (no amulet)
HPRegen  0.24/turn              g - ring of stealth
MPRegen  0.19/turn              D - +3 ring of dexterity

@: about to teleport, very slightly contaminated, wreathed by umbra
A: no food or potions, fire vulnerability, cold resistance 1, negative energy
resistance 3, torment resistance, unbreathing
a: Shadow Step, Renounce Religion


You were on level 13 of the Dungeon.
You worshipped Dithmenos.
Dithmenos was greatly pleased with you.
You were not hungry.

You visited 1 branch of the dungeon, and saw 13 of its levels.

You collected 684 gold pieces.

Inventory:

Hand Weapons
 a - a +2 scimitar of flaming (weapon)
 B - a +0 blowgun
Missiles
 t - 7 curare-tipped needles
Armour
 j - a +0 cloak (worn)
 n - a +0 pair of gloves (worn)
 x - a +0 buckler of poison resistance (worn)
 z - a +2 robe of fire resistance (worn)
 A - a +0 pair of boots (worn)
Jewellery
 g - a ring of stealth (left hand)
 D - a +3 ring of dexterity (right hand)
Wands
 v - a wand of random effects (19)
 C - a wand of flame (47)
Scrolls
 c - 4 scrolls of amnesia {!r}
 d - 13 scrolls of remove curse {!r}
 f - 6 scrolls of teleportation {!r}
 h - 3 scrolls of enchant weapon {!r}
 i - a scroll of immolation {!r}
 m - 2 scrolls of enchant armour {!r}
 p - 5 scrolls of magic mapping {!r}
 r - 4 scrolls of identify {!r}
 s - 2 scrolls of blinking {!r}
 u - a scroll of silence {!r}
 w - a scroll of noise {!r}
 F - a scroll of acquirement {!r}


   Skills:
 + Level 6.6 Fighting
 * Level 8.8 Dodging
 - Level 1.5 Stealth
 - Level 4.0 Shields
 - Level 9.0 Spellcasting
 + Level 7.5 Conjurations
 - Level 9.0 Air Magic
 - Level 4.5 Invocations
 - Level 4.0 Evocations


You had 17 spell levels left.
You knew the following spells:

 Your Spells              Type           Power        Failure   Level  Hunger
a - Airstrike             Air            #####.....   1%          4    N/A
d - Lightning Bolt        Conj/Air       #####.....   7%          5    N/A
e - Shock                 Conj/Air       ####         1%          1    N/A
z - Swiftness             Chrm/Air       ####....     1%          2    N/A

Your spell library contained the following spells:

 Spells                   Type           Power        Failure   Level  Hunger
 Static Discharge         Conj/Air       #####...     1%          3    N/A
 Animate Skeleton         Necr           N/A          8%          1    N/A
 Pain                     Necr           #...         8%          1    N/A
 Summon Butterflies       Summ           #.......     8%          1    N/A
 Call Canine Familiar     Summ           #.......     22%         3    N/A
 Vampiric Draining        Necr           #.........   22%         3    N/A
 Animate Dead             Necr           N/A          58%         4    N/A
 Summon Ice Beast         Ice/Summ       #.......     58%         4    N/A
 Summon Mana Viper        Hex/Summ       #.......     91%         5    N/A
 Summon Hydra             Summ           #.........   100%        7    N/A
 Regeneration             Chrm/Necr      Unusable     N/A         3    N/A

Dungeon Overview and Level Annotations

Branches:
Dungeon (13/15)            Temple (0/1) D:7            Lair (0/6) D:11
    Orc (0/2) D:11
 Vaults: D:13-14

Altars:
Ashenzari
Dithmenos
Elyvilon
Fedhas
Gozag
Hepliaklqana
Makhleb
Nemelex Xobeh
Uskayaw
Xom

Shops:
D:6 (   D:10 *   D:12 }   D:13 (

Portals:
Trove: D:12 (give +6 demon blade)


Innate Abilities, Weirdness & Mutations

You do not eat or drink.
Your flesh is vulnerable to fire.
You are immune to poison.
Your flesh is cold resistant. (rC+)
You are immune to negative energy. (rN+++)
You are immune to unholy pain and torment.
You can survive without breathing.


Message History

The arrow hits the centaur!
The arrow burns the centaur.
The centaur dies!
The centaur shoots an arrow.
The arrow misses you.
The arrow barely misses the centaur.
The centaur wields a shortbow.
The centaur shoots an arrow.
The arrow hits you!
* * * LOW HITPOINT WARNING * * *
The centaur shoots an arrow.
The arrow completely misses you.
The arrow closely misses the centaur.
The centaur shoots an arrow.
The arrow misses you.
The arrow closely misses the centaur.
Really read
o - 3 scrolls of fear {!r}?
As you read the scroll of fear {!r}, it crumbles to dust.
You assume a fearsome visage.
The centaur looks frightened! x3
Casting: Lightning Bolt (safe; 7% risk of failure)
Confirm with . or Enter, or press ? or * to list all spells.
Aiming: Airstrike (safe; 1% risk of failure)
Press: ? - help, Dir - move target cursor, f - centaur
Aim: a centaur, wielding a shortbow of flaming (severely wounded, fleeing, The air twists around and strikes the centaur!
Your attack snaps the centaur out of its fear.
You kill the centaur!
Dithmenos accepts your kill.
Evoke which item? (* to show all) (? for menu, Esc to quit)
Aiming: Paralyse
Press: ? - help, Shift-Dir - straight line, f - centaur
Aim: a centaur, wielding a shortbow (hasn't noticed you, umbra, chance to Your attack snaps the centaur out of its fear.
The centaur resists with significant effort.
The now-empty wand crumbles to dust.
The centaur unwields an uncursed shortbow.
The centaur misses you.
You riposte.
You hit the centaur. You burn the centaur.
The centaur is heavily wounded.
Evoke which item? (* to show all) (? for menu, Esc to quit)
Aiming: Throw Flame
Press: ? - help, Shift-Dir - straight line, f/p - centaur
Aim: a centaur (heavily wounded, umbra)
The puff of flame hits the centaur.
The centaur is severely wounded.
The centaur hits you.
* * * LOW HITPOINT WARNING * * *
Really read
o - 2 scrolls of fear {!r}?
As you read the scroll of fear {!r}, it crumbles to dust.
You assume a fearsome visage.
The centaur looks frightened!
Really read
o - a scroll of fear {!r}?
As you read the scroll of fear {!r}, it crumbles to dust.
You assume a fearsome visage.
Nothing appears to happen.
The centaur unwields an uncursed shortbow.
The centaur barely misses you.
You riposte.
You closely miss the centaur.
Your attack snaps the centaur out of its fear.
The centaur hits you but does no damage.
Really read
s - 3 scrolls of blinking {!r}?
Blink to where?
Press: ? - help, Dir - move target cursor, p - centaur You are very lightly contaminated with residual magic.
As you read the scroll of blinking {!r}, it crumbles to dust.
Okay, then.
Really read
f - 7 scrolls of teleportation {!r}?
As you read the scroll of teleportation {!r}, it crumbles to dust.
You feel strangely unstable.
Really read
q - a scroll of fog {!r}?
As you read the scroll of fog {!r}, it crumbles to dust.
The scroll dissolves into smoke.
The centaur wields an uncursed shortbow.
The centaur shoots an arrow.
The arrow hits you.
You die...

###..#.......#####.###.#
..........##.# #.# #.#
.##.....#.##.# #.# #)#
.##.......##.# #.# #.#
........#.##.# #.# #.#
.##.##.##.##.# #.# #.#
..#..........# #§###.#
.......##.########§§...#
%...##..........@§c§####
....##.##.#########§#
....##.##.# ###.###
..........# #.!.)(#
..####.#### #.###)# .##
#.# #.# #c# .# #.#
#.###)# .# #.# #.c.c(#
.# #.# #(#####


You could see a centaur.

Vanquished Creatures
  Josephine (D:10)
  Fannar (D:11)
  Erolcha (D:13)
  2 hydras
  A centaur warrior (D:13)
  Erica (D:8)
  2 two-headed ogres
  A tengu warrior (D:9)
  Sonja (D:10)
  An unseen horror (D:10)
  A deep elf mage (D:13)
  3 ugly things
  A manticore (D:11)
  Maurice (D:9)
  2 cyclopes
  2 centaur zombies
  A gargoyle (D:12)
  2 centaur skeletons
  The ghost of heinrich the Chopper, a novice FoFi of Uskayaw (D:4)
  2 komodo dragons (D:11)
  2 trolls
  Grinder (D:5)
  A hornet (D:8)
  3 hippogriffs
  A shadow (D:13)
  A vampire (D:11)
  4 wraiths
  8 yaks
  2 hungry ghosts
  A basilisk (D:9)
  Menkaure (D:5)
  A soldier ant (D:8)
  An acid dragon (D:13)
  3 sky beasts
  6 orc warriors
  4 ice beasts
  A hornet zombie (D:12)
  A phantom (D:12)
  2 eyes of draining (D:12)
  5 ogres
  A necrophage (D:10)
  7 centaurs
  A crocodile (D:12)
  7 bullfrogs
  A scorpion (D:11)
  21 killer bees
  A howler monkey (D:8)
  9 wights
  4 crimson imps
  A quasit (D:3)
  3 jellies
  A gnoll shaman (D:10)
  4 hounds
  7 orc priests
  8 orc wizards
  2 bullfrog skeletons
  5 iguanas
  10 worker ants
  A hound zombie (D:9)
  A howler monkey zombie (D:5)
  A howler monkey skeleton (D:10)
  6 gnolls
  6 adders
  A shadow imp (D:6)
  An ooze (D:1)
  A worm (D:2)
  3 leopard geckos
  27 orcs
  3 ball pythons (D:1)
  4 hobgoblins
  4 jackals (D:8)
  3 quokkas
  13 frilled lizards
  8 goblins
  3 kobolds
  4 rats
  A plant (D:11)
261 creatures vanquished.

Vanquished Creatures (others)
  A centaur (D:13)
  4 plants (D:2)
5 creatures vanquished.

Grand Total: 266 creatures vanquished

Notes
Turn   | Place    | Note
-------+----------+-------------------------------------------
     0 | D:1      | Amnesiac the Mummy Air Elementalist began the quest for the
                  | Orb.
     0 | D:1      | Reached XP level 1. HP: 13/13 MP: 4/4
   202 | D:3      | Found a blossoming altar of Fedhas.
   408 | D:3      | Reached XP level 2. HP: 10/19 MP: 0/5
   545 | D:3      | Learned a level 2 spell: Swiftness
   576 | D:5      | Entered Level 5 of the Dungeon
   587 | D:4      | Found a runed door.
   588 | D:4      | Noticed heinrich's ghost (novice FoFi)
   994 | D:4      | Found a shadowy altar of Dithmenos.
   999 | D:4      | Became a worshipper of Dithmenos the Shadowed
  1037 | D:4      | Reached XP level 3. HP: 24/24 MP: 3/7
  2321 | D:2      | Reached XP level 4. HP: 30/30 MP: 5/9
  2708 | D:2      | Found a shattered altar of Ashenzari.
  2982 | D:2      | Reached * piety under Dithmenos
  3420 | D:2      | Learned a level 4 spell: Airstrike
  3790 | D:3      | Found a shimmering altar of Xom.
  4014 | D:3      | Reached XP level 5. HP: 24/35 MP: 3/11
  4993 | D:5      | Noticed Menkaure
  4997 | D:5      | Killed Menkaure
  4997 | D:5      | Reached skill level 5 in Spellcasting
  4997 | D:5      | Reached skill level 5 in Air Magic
  4997 | D:5      | Reached XP level 6. HP: 33/41 MP: 0/13
  5100 | D:5      | Noticed Grinder
  5129 | D:5      | Paralysed by Grinder for 2 turns
  5140 | D:5      | Killed Grinder
  5140 | D:5      | Reached XP level 7. HP: 41/46 MP: 0/15
  5253 | D:5      | Found a burning altar of Makhleb.
  5469 | D:5      | Found an opulent altar of Gozag.
  6465 | D:6      | Found Kottihiam's Antique Weapon Emporium.
  6636 | D:7      | Learned a level 5 spell: Lightning Bolt
  6661 | D:7      | Reached XP level 8. HP: 52/52 MP: 2/18
  6812 | D:7      | Reached ** piety under Dithmenos
  7003 | D:7      | Found a staircase to the Ecumenical Temple.
  8282 | D:4      | Killed heinrich's ghost
  8282 | D:4      | Reached XP level 9. HP: 23/57 MP: 0/20
  8488 | D:8      | Noticed Erica
  8803 | D:8      | Killed Erica
  9054 | D:8      | Reached skill level 1 in Conjurations
  9245 | D:8      | Reached *** piety under Dithmenos
  9941 | D:8      | Found a hazy altar of Hepliaklqana.
 10132 | D:9      | Reached XP level 10. HP: 63/63 MP: 4/23
 10344 | D:9      | Found a shimmering altar of Xom.
 10344 | D:9      | Found a shimmering altar of Xom.
 10345 | D:9      | Found a shimmering altar of Xom.
 10345 | D:9      | Found a shimmering altar of Xom.
 10345 | D:9      | Found a shimmering altar of Xom.
 10345 | D:9      | Found a shimmering altar of Xom.
 10346 | D:9      | Found a shimmering altar of Xom.
 10346 | D:9      | Found a shimmering altar of Xom.
 10346 | D:9      | Found a shimmering altar of Xom.
 10437 | D:9      | Found a white marble altar of Elyvilon.
 10675 | D:9      | Reached skill level 1 in Fighting
 10676 | D:9      | Noticed a tengu warrior
 10725 | D:9      | Killed a tengu warrior
 10725 | D:9      | Reached skill level 1 in Evocations
 11048 | D:9      | Noticed Maurice
 11060 | D:9      | Killed Maurice
 11347 | D:9      | Found a sparkling altar of Nemelex Xobeh.
 11352 | D:9      | Noticed a moth of wrath
 11352 | D:9      | a swamp worm changed into a moth of wrath
 11356 | D:9      | Noticed a black mamba
 11356 | D:9      | a spriggan changed into a black mamba
 11707 | D:10     | Entered Level 10 of the Dungeon
 11707 | D:10     | Noticed Sonja
 11710 | D:10     | Killed Sonja
 11944 | D:10     | Reached skill level 5 in Dodging
 12318 | D:10     | Found Cahawex's General Store.
 12332 | D:10     | Noticed a cyclops
 12346 | D:10     | Killed a cyclops
 12346 | D:10     | Reached XP level 11. HP: 61/77 MP: 1/24
 12642 | D:10     | Noticed Josephine
 12674 | D:10     | Killed Josephine
 12674 | D:10     | Reached skill level 5 in Conjurations
 12973 | D:10     | Killed an unseen horror
 13233 | D:10     | Reached **** piety under Dithmenos
 13487 | D:10     | Reached skill level 1 in Invocations
 14031 | D:11     | Noticed a two-headed ogre
 14036 | D:11     | Noticed a white ugly thing
 14038 | D:11     | Killed a two-headed ogre
 14428 | D:12     | Noticed a white ugly thing
 14440 | D:12     | Killed a white ugly thing
 14872 | D:12     | Noticed a two-headed ogre
 15121 | D:13     | Noticed a four-headed hydra
 15126 | D:13     | Killed a four-headed hydra
 15238 | D:13     | Found Ughij's Antique Weapon Shop.
 15909 | D:12     | Killed a two-headed ogre
 15909 | D:12     | Reached skill level 5 in Fighting
 16146 | D:12     | Reached XP level 12. HP: 33/86 MP: 8/25
 16347 | D:11     | Noticed Fannar
 16706 | D:11     | Killed Fannar
 16725 | D:11     | Noticed a four-headed hydra
 16759 | D:11     | Killed a four-headed hydra
 16820 | D:11     | Found a hide-covered altar of Uskayaw.
 17052 | D:11     | Found a staircase to the Lair.
 17286 | D:11     | Found a staircase to the Orcish Mines.
 17741 | D:12     | Found a shimmering altar of Xom.
 17753 | D:12     | Got a crystal glaive {protect}
 17786 | D:12     | Found a portal to a secret trove of treasure.
 17805 | D:12     | Found Yzigagot's Gadget Emporium.
 18027 | D:12     | Identified a scroll of acquirement {!r}
 18034 | D:12     | Identified the +4 glaive of Cajighut {protect, rC+} (You
                  | took it off an orc wizard on level 12 of the Dungeon)
 18179 | D:13     | Noticed Erolcha
 18185 | D:13     | Killed Erolcha
 18737 | D:13     | Noticed a centaur warrior
 18754 | D:13     | Killed a centaur warrior
 18763 | D:13     | HP: 1/89 [centaur[a centaur warrior] (6)]
 18770 | D:13     | Shot with an arrow by a centaur

Vault maps used:
D:1:      nzn_arrival_depleted_hourglass, serial_forest,
          infiniplex_forest_lined_room_2, infiniplex_forest_lined_3,
          infiniplex_forest_lined_room_, infiniplex_forest_clump_tiny,
          infiniplex_forest_join, infiniplex_forest_lined_2,
          infiniplex_forest_clump_double, infiniplex_forest_zigzag_2,
          infiniplex_forest_end_2, glass_columns_b
D:2:      nicolae_overflow_crystal_walls, first_ration, minmay_lizard_king
D:3:      nicolae_overflow_hidden_temple, lemuel_coloured_pillars_altar,
          minmay_splitting_lines, nrook_mini_backslash, minmay_cupped
D:4:      grunt_dithmenos_smoke, gammafunk_ghost_grave
D:5:      makhleb_blood_cavern_becter, nicolae_gozag_seed_capital, uniq_grinder,
          uniq_menkaure
D:6:      serial_shops, kennysheep_mini
D:7:      minmay_temple_entry_fiery
D:8:      kennysheep_little_box, hangedman_pestilent_swarm, uniq_erica
D:9:      lemuel_crystal_altar, lemuel_doored_altar, xom_shifter_show,
          uniq_maurice
D:10:     serial_shops, nicolae_shop_trees, uniq_josephine, uniq_sonja
D:11:     david_lair_shrubbed, orc_0_dummy, basic_altar, uniq_fannar
D:12:     basic_altar, enter_trove_3, kennysheep_small_square
D:13:     serial_shops, nicolae_shop_trees, kennysheep_crisscross, uniq_erolcha

Skill      XL: |  1  2  3  4  5  6  7  8  9 10 11 12 |
---------------+-------------------------------------+-----
Air Magic      | 3 4 5 6 7 9 |  9.0
Spellcasting   | 3 4 5 6 7 9 |  9.0
Shields        | 4 |  4.0
Conjurations   | 4 6 7 |  7.5
Dodging        | 5 7 8 |  8.8
Fighting       | 4 5 6 |  6.6
Evocations     | 3 4 |  4.0
Invocations    | 4 |  4.5
Stealth        | |  1.5

Action                   |  1- 3 |  4- 6 |  7- 9 | 10-12 || total
-------------------------+-------+-------+-------+-------++-------
Melee: Unarmed           |       |     6 |       |       ||     6
       Short sword       |       |       |     5 |       ||     5
       Dagger            |       |       |    20 |       ||    20
       Scimitar          |       |       |     6 |    76 ||    82
 Fire: Hunting sling     |       |     5 |       |       ||     5
 Cast: Shock             |    51 |    62 |    72 |    87 ||   272
       Airstrike         |       |     7 |   100 |   254 ||   361
       Lightning Bolt    |       |       |       |    18 ||    18
Evoke: Wand              |       |       |     1 |    26 ||    27
  Use: Scroll            |     5 |     3 |     7 |     7 ||    22
 Stab: Paralysed         |       |       |       |     8 ||     8
Armor: Robe              |       |     4 |     6 |    40 ||    50
       Leather armour    |       |       |     5 |       ||     5
Dodge: Dodged            |     2 |    17 |    41 |   160 ||   220
Block: Buckler           |       |       |     7 |    43 ||    50
       Rpst.: Scimitar   |       |       |     7 |    51 ||    58

Table legend:
 A = Non-vault XP
 B = Vault XP
 C = Vault XP percentage of total XP
 D = Non-vault monster count
 E = Vault monster count
 F = Vault count percentage of total count
                 A         B        C        D         E       F
            +---------+---------+-------+---------+---------+-------
      Total |   24032 |    7780 |  24.5 |     227 |      33 |  12.7
            +---------+---------+-------+---------+---------+-------
        D:1 |      27 |       0 |   0.0 |      15 |       0 |   0.0
        D:2 |      62 |      13 |  17.3 |      11 |      11 |  50.0
        D:3 |      61 |       4 |   6.2 |       4 |       3 |  42.9
        D:4 |      54 |     399 |  88.1 |       4 |       1 |  20.0
        D:5 |     413 |     466 |  53.0 |      12 |       3 |  20.0
        D:6 |     256 |       0 |   0.0 |       8 |       0 |   0.0
        D:7 |    1057 |       0 |   0.0 |      24 |       0 |   0.0
        D:8 |    1225 |    1385 |  53.1 |      25 |       5 |  16.7
        D:9 |    2351 |     496 |  17.4 |      18 |       1 |   5.3
       D:10 |    3685 |    2528 |  40.7 |      27 |       5 |  15.6
       D:11 |    4435 |    1423 |  24.3 |      14 |       2 |  12.5
       D:12 |    5481 |      63 |   1.1 |      41 |       1 |   2.4
       D:13 |    4925 |    1003 |  16.9 |      24 |       1 |   4.0
            +---------+---------+-------+---------+---------+-------
